 Dungeon Crawl Stone Soup version 0.29-a0-333-gb4c28e87c6 (webtiles) character file.

Game seed: 4170100016145136949

33 Gerhazo the Magician (level 3, -7/27 HPs)
             Began as a Djinni Fire Elementalist on Apr 13, 2022.
             Killed by an exploding adder (12 damage)
             ... ignited by their inner flame
             ... on level 3 of the Dungeon.
             The game lasted 00:08:43 (1635 turns).

Gerhazo the Magician (Djinni Fire Elementalist)     Turns: 1635, Time: 00:08:44

Health: -7/27      AC:  3    Str:  7    XL:     3   Next: 47%
Gold:   64         EV: 12    Int: 18    God:
                   SH:  0    Dex: 13

rFire   + + .      SeeInvis .   j - staff of cold
rCold   . . .      Faith    .   (no shield)
rNeg    . . .      Spirit   .   a - +0 robe
rPois   ∞          Reflect  .   i - +0 helmet
rElec   .          Harm     .   (no cloak)
rCorr   .          Rampage  .   (no gloves)
Will    .....                   (boots unavailable)
Stlth   ++........              (no amulet)
HPRegen 0.09/turn               (no ring)
MPRegen 0.00/turn               (no ring)

@: mighty, flying
A: sickness immunity, fire resistance 2, cold vulnerability 1, float, innate
caster, HP casting, extra vitality 1
a: no special abilities


You were on level 3 of the Dungeon.
You visited 1 branch of the dungeon, and saw 3 of its levels.

You collected 64 gold pieces.

Inventory:

Hand Weapons
 d - a +0 dagger
Missiles
 l - 3 javelins
Armour
 a - a +0 robe (worn)
 c - an orb of wrath
 i - a +0 helmet (worn)
Magical Staves
 j - a staff of cold (weapon)
Scrolls
 f - a scroll of identify
Potions
 e - a potion of might


   Skills:
 + Level 1.0 Fighting
 + Level 1.0 Armour
 + Level 2.6 Dodging
 - Level 1.5 Stealth
 * Level 2.8 Spellcasting


You couldn't memorise any spells.
You knew the following spells:

 Your Spells              Type           Power      Damage    Failure   Level
a - Foxfire               Conj/Fire      52%        2x1d6     4%          1
b - Scorch                Fire           26%        2d6       8%          2
c - Conjure Flame         Conj/Fire      13%        6-21      16%         3
d - Inner Flame           Hex/Fire       13%        N/A       16%         3
e - Flame Wave            Conj/Fire      13%        2d6       45%         4
f - Shock                 Conj/Air       52%        1d6       4%          1
Your spell library was empty.

Dungeon Overview and Level Annotations

Branches:
Dungeon (3/15)

Altars:
Gozag


Innate Abilities, Weirdness & Mutations

You are immune to sickness and miasma.
You are immune to poison.
Your flesh is very heat resistant. (rF++)
You are vulnerable to cold. (rC-)
You float through the air rather than walking.
You learn spells naturally, not from books.
Your magical power is your life essence.
You have superior vitality. (+4 MHP)


Message History

The adder attacks as you move away! The adder closely misses you.
The adder bites you. The orc attacks as you move away!
The orc closely misses you. Something hits your rat.
Your rat dies!
Your rat's corpse dissolves into shadows!
The adder bites you.
Your goblin hits the orc with a +0 club.
The adder attacks as you move away! The adder bites you.
Something barely misses your goblin. The adder bites you but does no damage.
The adder bites you. The adder attacks as you move away!
The adder closely misses you. The adder attacks as you move away!
The adder bites you but does no damage. x2
The adder attacks as you move away! The adder bites you. x2
It was a potion of magic.
Magic washes over you without effect. The adder closely misses you.
The adder barely misses you. The adder attacks as you move away!
The adder bites you.
* * * LOW HITPOINT WARNING * * *
The orc attacks as you move away! The orc closely misses you.
Your goblin hits the orc with a +0 club.
Casting: Foxfire (safe; 4% risk of failure)
Confirm with . or Enter, or press ? or * to list all spells.
The spell is quite dangerous to miscast (16% risk of failure)!
Continue anyway?
Aiming: Inner Flame (quite dangerous; 16% risk of failure)
Press: ? - help, Dir - move target, f - adder
Aim: an adder (moderately wounded, chance to affect: 73%)
The adder is filled with an inner flame.
* * * LOW HITPOINT WARNING * * *
The adder bites you.
* * * LOW HITPOINT WARNING * * *
The adder bites you but does no damage. The adder closely misses you.
You hit the adder!
The adder explodes!
The fiery explosion engulfs your goblin!!
You kill your goblin!
Your goblin's corpse dissolves into shadows!
The fiery explosion engulfs the orc!!
You kill the orc!
The fiery explosion engulfs you! You resist.
You die...

##.#.8...8.# #######
#######..#.......###
##.....###............_.....#
#.......##........#.......#.###
#........#........#.8...8.#....
###........#........##.....#####.
...........#........####.### #.
...........#...§§...## #.# #.
...........#.g§.@....###.# ##.
............o.§S####.....# #<.
...#.....#.....### ##.#### #.#
#######..#.......####.###### #..
##.#...(........#....##...#
#......####..............#
##.....######......###. #
#........####............
########...##............


You could see an adder, an orc and a goblin.

Vanquished Creatures
  2 adders
  An orc (D:3)
  A ball python (D:1)
  4 endoplasms
  A giant cockroach (D:1)
  4 hobgoblins
  2 jackals (D:1)
  A bat (D:1)
  3 frilled lizards
  3 kobolds
  3 rats
25 creatures vanquished.

Vanquished Creatures (others)
  81 foxfires
81 creatures vanquished.

Grand Total: 106 creatures vanquished

Notes
Turn   | Place    | Note
-------+----------+-------------------------------------------
     0 | D:1      | Gerhazo the Djinni Fire Elementalist began the quest for
                  | the Orb.
     0 | D:1      | Reached XP level 1. HP: 15/15 MP: 0/0
   502 | D:1      | Reached XP level 2. HP: 20/22 MP: 0/0
   895 | D:1      | Found a faded altar of an unknown god.
  1243 | D:2      | Reached XP level 3. HP: 24/26 MP: 0/0
  1243 | D:2      | Learned a level 1 spell: Shock
  1280 | D:2      | Reached skill level 1 in Fighting
  1348 | D:2      | Reached skill level 1 in Armour
  1516 | D:3      | Found an opulent altar of Gozag.
  1635 | D:3      | Killed by an exploding adder... ignited by their inner
                  | flame

Illustrated notes

Levels and vault maps discovered:
D:1:      moated_graveyard_arrival, layout_basic, basic_ecumenical_altar,
          kennysheep_flooded_box, minmay_misc_feat_secret_circle
D:2:      layout_basic, hangedman_decor_opposing, st_stairs_2
D:3:      minmay_diamond_boxcup, layout_rooms, grunt_gozag_statues,
          overflow_temple_1_default, old_standard_altar, vehumet_altar_wand_db

Skill      XL: |  1  2  3 |
---------------+----------+-----
Fighting       | 1 |  1.0
Armour         | 1 |  1.0
Dodging        | |  2.6
Stealth        | |  1.5
Spellcasting   | |  2.8

Action                   || total
-------------------------++-------
Melee: Staff             ||     4
 Cast: Foxfire           ||    49
       Scorch            ||     1
       Inner Flame       ||     1
  Use: Scroll            ||     3
       Potion            ||     3
Armor: Robe              ||     9
Dodge: Dodged            ||    27

Table legend: (Time is in decaauts)
 A = Elapsed time spent in this place.
 B = Non-inter-level travel time spent in this place.
 C = Inter-level travel time spent in this place.
 D = Time resting spent in this place.
 E = Time spent auto-exploring this place.
 F = Levels seen in this place.
 G = Mean time per level.
                   A        B        C        D        E       F      G
               +--------+--------+--------+--------+--------+-----+--------+
         Total |   1634 |   1612 |     22 |    519 |    761 |   3 |  544.7 |
       Dungeon |   1634 |   1612 |     22 |    519 |    761 |   3 |  544.7 |
               +--------+--------+--------+--------+--------+-----+--------+

Top non-repeatable levels by time:
     D:1: 1211 daAuts
     D:2: 284 daAuts
     D:3: 139 daAuts
